 Dungeon Crawl Stone Soup version 0.29-a0-582-ge82337b (webtiles) character file.

Game seed: 7267391460625608106

976 Illumine the Conjurer (level 7, -16/56 HPs)
             Began as a Demigod Conjurer on June 14, 2022.
             Killed from afar by a steam dragon (21 damage)
             ... with a ball of steam
             ... on level 6 of the Dungeon.
             The game lasted 00:09:19 (5977 turns).

Illumine the Conjurer (Demigod Conjurer)            Turns: 5977, Time: 00:09:20

Health: -16/56     AC:  5    Str:  8    XL:     7   Next: 63%
Magic:  5/16       EV: 11    Int: 30    God:
Gold:   413        SH:  0    Dex: 12    Spells: 4/14 levels left

rFire   . . .      SeeInvis .   w - +2 dagger (elec)
rCold   . . .      Faith    .   (no shield)
rNeg    . . .      Spirit   .   q - +0 leather armour "Ubbir" {Int+2}
rPois   .          Reflect  .   (no helmet)
rElec   .          Harm     .   t - +0 cloak
rCorr   .          Rampage  .   v - +0 pair of gloves
Will    .....                   (no boots)
Stlth   ++........              (no amulet)
HPRegen 0.18/turn               (no ring)
MPRegen 0.15/turn               (no ring)

@: no status effects
A: high MP 1, forlorn, divine attributes
a: no special abilities


You were on level 6 of the Dungeon.
You visited 1 branch of the dungeon, and saw 6 of its levels.

You collected 413 gold pieces.

Inventory:

Hand Weapons
 d - a +0 great sword
 w - a +2 dagger of electrocution (weapon)
Armour
 p - the +1 robe of Focus {rElec}
   (You found it on level 3 of the Dungeon)

   rElec:     It insulates you from electricity.
 q - the +0 leather armour "Ubbir" (worn) {Int+2}
   (You found it on level 3 of the Dungeon)

   Int:       It affects your intelligence (+2).
 t - a +0 cloak (worn)
 v - a +0 pair of gloves (worn)
Magical Staves
 a - a staff of earth
Wands
 r - a wand of paralysis (4)
 u - a wand of iceblast (23)
Scrolls
 c - 3 scrolls of identify
 e - 3 scrolls of blinking
 i - 3 scrolls of vulnerability {unknown}
 j - a scroll of enchant armour {unknown}
 l - 3 scrolls of immolation {unknown}
 n - a scroll of fog {unknown}
 s - a scroll of silence {unknown}
Potions
 b - a potion of magic
 f - a potion of brilliance {unknown}
 g - a potion of cancellation {unknown}
 h - 4 potions of curing {unknown}
 k - 2 potions of lignification {unknown}
 m - 4 potions of degeneration {unknown}
 o - 4 potions of heal wounds {unknown}
 x - a potion of flight {unknown}


   Skills:
 + Level 2.3 Fighting
 + Level 0.1 Short Blades
 + Level 3.2 Armour
 - Level 2.0 Dodging
 - Level 2.0 Stealth
 + Level 4.1 Spellcasting
 + Level 5.5 Conjurations
 + Level 3.3 Hexes


You had 4 spell levels left.
You knew the following spells:

 Your Spells              Type           Power      Damage    Failure   Level
a - Magic Dart            Conj           100%       1d8       1%          1
b - Searing Ray           Conj           78%        2d7       1%          2
c - Dazzling Flash        Conj/Hex       64%        N/A       4%          3
d - Fulminant Prism       Conj/Hex       16%        3d11      14%         4

Your spell library contained the following spells:

 Spells                   Type           Power      Damage    Failure   Level
 Inner Flame              Hex/Fire       16%        N/A       14%         3
 Portal Projectile        Hex/Tloc       32%        N/A       14%         3
 Cause Fear               Hex            13%        N/A       22%         4
 Call Canine Familiar     Summ           6%         N/A       26%         3
 Iskenderun's Mystic Bla  Conj/Tloc      22%        2d6       28%         4
 Leda's Liquefaction      Hex/Erth       8%         N/A       41%         4
 Starburst                Conj/Fire      11%        6d5       99%         6
 Discord                  Hex            13%        N/A       100%        8


Dungeon Overview and Level Annotations

Branches:
Dungeon (6/15)             Temple (0/1) D:6


Innate Abilities, Weirdness & Mutations

You have an increased reservoir of magic. (+10% MP)
You shall have no god before yourself.
Your divine heritage dramatically boosts your attributes as you level up.


Message History

The searing ray hits the steam dragon.
The steam dragon is lightly wounded. (Press . to maintain the ray.)
The searing ray hits the steam dragon.
The steam dragon is lightly wounded.
The steam dragon breathes steam at you. The ball of steam hits you!!
* * * LOW HITPOINT WARNING * * *
You are engulfed in a cloud of scalding steam.
Casting: Searing Ray (safe; 1% risk of failure)
Confirm with . or Enter, or press ? or * to list all spells.
Okay, then.
Casting: Searing Ray (safe; 1% risk of failure)
Confirm with . or Enter, or press ? or * to list all spells.
Casting: Dazzling Flash (dangerous; 4% risk of failure)
Press: ? - help, Dir - look around, f - activate The steam dragon is dazzled.
You are engulfed in a cloud of scalding steam.
* * * LOW HITPOINT WARNING * * *
Unknown command.
Casting: Dazzling Flash (dangerous; 4% risk of failure)
Confirm with . or Enter, or press ? or * to list all spells.
Aiming: Searing Ray (safe; 1% risk of failure)
Press: ? - help, Shift-Dir - straight line, f - steam dragon
Aim: a steam dragon (steam, moderately wounded, blind, 81% to hit)
The searing ray hits the steam dragon.
The steam dragon is heavily wounded. (Press . to maintain the ray.)
The steam dragon breathes steam at you. The ball of steam misses you.
The searing ray hits the steam dragon!
The steam dragon is severely wounded.
You are engulfed in a cloud of scalding steam.
* * * LOW HITPOINT WARNING * * *
The steam dragon closely misses you. The steam dragon barely misses you.
The searing ray hits the steam dragon.
The steam dragon is almost dead.
The steam dragon breathes steam at you. The ball of steam hits you!!
You die...

.#... ... ....# #.. ...
....### .. .... ........ #.##
##.......# ......## ..#
...........## ##.......###.#
...#.........####....#........
.............D.....##........
)......#.###@....#...........
#........§§.#....##D.....h.
#.....§§§.....##..##......#
##........#.##......##..#...
#......#§##.#####...###..#..
#......#..#.# #.#.# ##....
###......##.#.# #.#.## #.§..
#........##...## #.#..# #....
####......######..#
#.#..#######


You could see a steam dragon (blind, catching breath).

Vanquished Creatures
  A black bear (D:4)
  2 ice beasts
  A centaur (D:5)
  A bullfrog (D:5)
  4 scorpions
  A howler monkey (D:5)
  3 hounds
  2 iguanas
  3 adders
  A shadow imp (D:5)
  A white imp (D:5)
  2 worms (D:4)
  4 dart slugs
  14 orcs
  6 endoplasms
  3 giant cockroaches (D:2)
  6 hobgoblins
  2 jackals (D:4)
  7 kobolds
  3 quokkas (D:5)
  8 ball pythons
  2 bats (D:1)
  A frilled lizard (D:2)
  5 goblins
  4 rats (D:1)
87 creatures vanquished.

Notes
Turn   | Place    | Note
-------+----------+-------------------------------------------
     0 | D:1      | Illumine the Demigod Conjurer began the quest for the Orb.
     0 | D:1      | Reached XP level 1. HP: 14/14 MP: 5/5
   494 | D:1      | Reached XP level 2. HP: 20/20 MP: 2/7
   497 | D:1      | Learned a level 2 spell: Searing Ray
  1638 | D:2      | Reached skill level 4 in Conjurations
  1916 | D:2      | Reached XP level 3. HP: 26/26 MP: 3/9
  1971 | D:2      | Learned a level 3 spell: Dazzling Flash
  2637 | D:3      | Identified the +1 robe of Focus {rElec}
  2976 | D:3      | Identified the +0 leather armour "Ubbir" {Int+2}
  3160 | D:3      | Reached XP level 4. HP: 27/33 MP: 1/11
  3231 | D:4      | Reached skill level 1 in Armour
  3231 | D:4      | Reached skill level 1 in Hexes
  3231 | D:4      | Reached XP level 5. HP: 31/38 MP: 0/12
  3382 | D:4      | Noticed a black bear
  3389 | D:4      | Killed a black bear
  3655 | D:4      | Reached XP level 6. HP: 39/45 MP: 8/14
  3719 | D:4      | Learned a level 4 spell: Fulminant Prism
  4217 | D:5      | Entered Level 5 of the Dungeon
  4229 | D:5      | Reached skill level 5 in Conjurations
  4314 | D:5      | Reached skill level 1 in Fighting
  4332 | D:5      | Reached XP level 7. HP: 20/52 MP: 1/16
  5290 | D:6      | Found a staircase to the Ecumenical Temple.
  5963 | D:6      | Noticed a steam dragon
  5977 | D:6      | Killed from afar by a steam dragon

Illustrated notes

Levels and vault maps discovered:
D:1:      lemuel_arrival_tunnels, layout_loops_corners,
          hellmonk_ecumenical_altar_run_dry, nicolae_figureground_pulse
D:2:      layout_basic, basic_altar, kennysheep_generic_room_13
D:3:      layout_loops_cross, kennysheep_cluttered_room
D:4:      layout_rooms, kennysheep_little_box
D:5:      layout_rooms
D:6:      layout_rooms, kennysheep_mini_moat, minmay_temple_entry_poolview

Skill      XL: |  1  2  3  4  5  6  7 |
---------------+----------------------+-----
Stealth        | 2 |  2.0
Dodging        | 2 |  2.0
Spellcasting   | 2 3 4 |  4.1
Conjurations   | 4 5 |  5.5
Armour         | 1 2 3 |  3.2
Hexes          | 1 2 3 |  3.3
Fighting       | 1 2 |  2.3
Short Blades   | |  0.1

Action                   |  1- 3 |  4- 6 |  7- 9 || total
-------------------------+-------+-------+-------++-------
Melee: Great sword       |    14 |     5 |     3 ||    22
       Dagger            |       |       |     2 ||     2
 Cast: Magic Dart        |    72 |    34 |    17 ||   123
       Searing Ray       |     6 |    13 |    15 ||    34
       Dazzling Flash    |       |       |     1 ||     1
  Use: Scroll            |       |       |     2 ||     2
Armor: Robe              |     7 |       |       ||     7
       Leather armour    |     2 |     7 |     6 ||    15
Dodge: Dodged            |    17 |    12 |    13 ||    42

Table legend: (Time is in decaauts)
 A = Elapsed time spent in this place.
 B = Non-inter-level travel time spent in this place.
 C = Inter-level travel time spent in this place.
 D = Time resting spent in this place.
 E = Time spent auto-exploring this place.
 F = Levels seen in this place.
 G = Mean time per level.
                   A        B        C        D        E       F      G
               +--------+--------+--------+--------+--------+-----+--------+
         Total |   5993 |   5878 |    115 |   1003 |   4162 |   6 |  998.8 |
       Dungeon |   5993 |   5878 |    115 |   1003 |   4162 |   6 |  998.8 |
               +--------+--------+--------+--------+--------+-----+--------+

Top non-repeatable levels by time:
     D:1: 1306 daAuts
     D:5: 1285 daAuts
     D:2: 1012 daAuts
     D:3: 964 daAuts
     D:4: 945 daAuts
     D:6: 478 daAuts
